 Dungeon Crawl Stone Soup version 0.28.0-53-g5a82cb258f (webtiles) character file.

Game seed: 1669014595494441337

2171 DemonSlayer the Covert (level 9, -11/56 (62) HPs)
             Began as a Vampire Enchanter on Aug 13, 2022.
             Mangled by a wight
             ... wielding a +0 halberd
              (14 damage)
             ... on level 7 of the Dungeon.
             The game lasted 00:20:59 (8231 turns).

DemonSlayer the Covert (Vampire Enchanter)          Turns: 8231, Time: 00:21:00

HP:   -11/56 (62)   AC:  4    Str:  7    XL:     9   Next: 11%
MP:   6/15          EV: 13    Int: 22    God:
Gold: 278           SH:  0    Dex: 14    Spells: 4/17 levels left

rFire   . . .      SeeInvis +   a - +2 dagger
rCold   . . .      Faith    .   (no shield)
rNeg    . . .      Spirit   .   b - +0 robe
rPois   +          Reflect  .   (no helmet)
rElec   .          Harm     .   i - +0 cloak
rCorr   +          Rampage  .   h - +0 pair of gloves
Will    .....                   (no boots)
Stlth   +++++.....              (no amulet)
HPRegen 0.38/turn               l - ring of resist corrosion
MPRegen 0.14/turn               r - ring of poison resistance

@: healing quickly, drained
A: alive, fangs 3, see invisible, vampiric 2
a: Exsanguinate


You were on level 7 of the Dungeon.
You visited 1 branch of the dungeon, and saw 7 of its levels.
You also visited: Ossuary.

You collected 278 gold pieces.

Inventory:

Hand Weapons
 a - a +2 dagger (weapon)
Missiles
 k - 52 sling bullets
Armour
 b - a +0 robe (worn)
 h - a +0 pair of gloves (worn)
 i - a +0 cloak (worn)
Jewellery
 l - a ring of resist corrosion (left hand)
 r - a ring of poison resistance (right hand)
 t - a ring of fire
Wands
 w - a wand of paralysis (8)
Scrolls
 d - a scroll of fog
 f - a scroll of blinking
 n - 2 scrolls of enchant armour
 u - a scroll of fear
 v - a scroll of teleportation
Potions
 e - a potion of mutation
 g - 2 potions of curing
 j - 2 potions of flight
 m - a potion of degeneration {unknown}
 o - 2 potions of attraction
 p - a potion of lignification {unknown}
 q - a potion of might {unknown}
 s - a potion of heal wounds {unknown}
 z - a potion of haste {unknown}
 A - a potion of brilliance {unknown}
 B - a potion of cancellation {unknown}


   Skills:
 + Level 2.3 Fighting
 + Level 5.3 Short Blades
 + Level 3.9 Dodging
 + Level 11.9 Stealth
 + Level 4.6 Spellcasting
 + Level 7.8 Hexes
 + Level 2.8 Ice Magic


You had 4 spell levels left.
You knew the following spells:

 Your Spells              Type           Power      Damage    Failure   Level
a - Ensorcelled Hibernat  Hex/Ice        56%        N/A       1%          2
b - Confusing Touch       Hex            39%        N/A       1%          3
c - Tukima's Dance        Hex            39%        N/A       1%          3
d - Dazzling Flash        Conj/Hex       44%        N/A       6%          3
e - Searing Ray           Conj           10%        2d4       16%         2

Your spell library contained the following spells:

 Spells                   Type           Power      Damage    Failure   Level
 Magic Dart               Conj           20%        1d4       11%         1
 Fulminant Prism          Conj/Hex       11%        3d9       22%         4


Dungeon Overview and Level Annotations

Branches:
Dungeon (7/15)            Ossuary (visited)
 Temple: D:4-7

Altars:

Shops:
D:3 [


Innate Abilities, Weirdness & Mutations

Your natural rate of healing is accelerated.
You have razor-sharp teeth.
You have supernaturally acute eyesight. (SInv)
You are afflicted with vampirism and can become a bat while bloodless.


Message History

You are too injured to fight recklessly!
You are too injured to fight recklessly!
You are too injured to fight recklessly!
You are too injured to fight recklessly!
You are too injured to fight recklessly!
You are too injured to fight recklessly!
You are too injured to fight recklessly!
You are too injured to fight recklessly!
You hit the wight but do no damage.
The wight is heavily damaged.
The wight hits you with a +0 halberd.
You feel drained.
You hit the wight but do no damage. You bite the wight, but do no damage.
The wight is heavily damaged.
You hit the wight but do no damage.
The wight is heavily damaged.
The wight misses you.
You hit the wight but do no damage. You bite the wight, but do no damage.
The wight is heavily damaged.
The wight barely misses you.
You barely miss the wight.
The wight is heavily damaged.
The wight misses you.
You hit the wight but do no damage.
The wight is heavily damaged.
You hit the wight but do no damage.
The wight is heavily damaged.
The wight closely misses you.
You hit the wight but do no damage. You bite the wight, but do no damage.
The wight is heavily damaged.
The wight hits you with a +0 halberd.
You feel drained.
You hit the wight but do no damage. Your bite misses the wight.
The wight is heavily damaged.
The wight hits you with a +0 halberd!!
* * * LOW HITPOINT WARNING * * *
You closely miss the wight. You bite the wight, but do no damage.
The wight is heavily damaged.
You hit the wight. You bite the wight, but do no damage.
The wight is severely damaged.
The wight hits you with a +0 halberd!
You die...

### ..#
#######.####### ..#
......z)....... ..#
#@# .. #.# . #.#
######.# #.#
#......# #.#
#######.####.##
..###.............#
#.....#.#.#.#.#.#.#
#.#........)......#


You could see a wight.

Vanquished Creatures
  Sigmund (D:6)
  A wraith (Ossuary)
  A sky beast (D:5)
  2 black bears
  2 ogres
  A necrophage (D:4)
  A centaur (D:6)
  An elf zombie (Ossuary)
  A bullfrog (D:7)
  A scorpion (D:4)
  A water moccasin skeleton (D:5)
  6 wights (D:7)
  A bullfrog zombie (D:5)
  A human zombie (Ossuary)
  2 jellies
  3 bullfrog skeletons
  2 hounds (D:6)
  An orc priest (D:5)
  Crazy Yiuf (D:4)
  Terence (D:3)
  2 iguanas
  3 orc wizards
  A killer bee zombie (D:5)
  2 hound skeletons (D:4)
  3 mummies (Ossuary)
  A howler monkey skeleton (D:5)
  7 adders
  A gnoll (D:1)
  2 ufetubi
  4 dart slugs
  18 orcs
  6 endoplasms
  4 giant cockroaches
  9 goblins
  5 hobgoblins
  7 jackals
  10 kobolds
  2 quokkas
  5 ball pythons
  2 bats
  2 frilled lizards
  A goblin zombie (Ossuary)
  2 hobgoblin zombies (Ossuary)
  A jackal zombie (D:5)
  3 kobold zombies (Ossuary)
  6 rats
140 creatures vanquished.

Vanquished Creatures (others)
  3 fungi (D:4)
3 creatures vanquished.

Grand Total: 143 creatures vanquished

Notes
Turn   | Place    | Note
-------+----------+-------------------------------------------
     0 | D:1      | DemonSlayer the Vampire Enchanter began the quest for the
                  | Orb.
     0 | D:1      | Reached XP level 1. HP: 13/13 MP: 3/3
   114 | D:1      | Reached XP level 2. HP: 10/19 MP: 5/5
   257 | D:1      | Reached skill level 5 in Stealth
   694 | D:2      | Learned a level 2 spell: Ensorcelled Hibernation
   812 | D:1      | Gained mutation: You are afflicted with vampirism and can
                  | become a bat while bloodless. [Vampire growth]
   812 | D:1      | Reached XP level 3. HP: 24/24 MP: 6/6
  1391 | D:2      | Reached skill level 6 in Stealth
  1391 | D:2      | Reached XP level 4. HP: 25/30 MP: 4/7
  1711 | D:2      | Learned a level 3 spell: Confusing Touch
  1778 | D:3      | Noticed a black bear
  1781 | D:3      | Killed a black bear
  1782 | D:3      | Reached skill level 7 in Stealth
  1782 | D:3      | Reached skill level 1 in Ice Magic
  1782 | D:3      | Reached XP level 5. HP: 36/36 MP: 5/8
  2342 | D:3      | Noticed Terence
  2349 | D:3      | Killed Terence
  2350 | D:3      | Reached XP level 6. HP: 42/42 MP: 1/10
  2922 | D:3      | Found Rusafis's Antique Armour Shop.
  3095 | D:3      | Reached skill level 5 in Hexes
  3252 | D:3      | Learned a level 3 spell: Tukima's Dance
  3502 | D:4      | Reached skill level 8 in Stealth
  3786 | D:4      | Found a runed translucent door.
  3787 | D:4      | Noticed Crazy Yiuf
  4633 | D:4      | Killed Crazy Yiuf
  4634 | D:4      | Reached XP level 7. HP: 47/47 MP: 8/11
  4665 | D:4      | Learned a level 3 spell: Dazzling Flash
  5174 | D:5      | Entered Level 5 of the Dungeon
  5478 | D:5      | Reached skill level 9 in Stealth
  5546 | D:5      | Reached skill level 1 in Fighting
  5563 | D:5      | Found a sand-covered staircase.
  5575 | Ossuary  | Entered an ossuary
  5575 | Ossuary  | Noticed a wraith
  5575 | Ossuary  | Noticed a wraith
  5575 | Ossuary  | Noticed a wraith
  5953 | Ossuary  | Noticed a wraith
  5955 | Ossuary  | Killed a wraith
  6162 | D:5      | Reached XP level 8. HP: 27/48 MP: 10/13
  6295 | D:5      | Reached skill level 10 in Stealth
  6963 | D:6      | Reached skill level 5 in Short Blades
  7078 | D:6      | Noticed Sigmund
  7082 | D:6      | Killed Sigmund
  7225 | D:6      | Reached skill level 11 in Stealth
  7651 | D:6      | Learned a level 2 spell: Searing Ray
  7967 | D:7      | Reached XP level 9. HP: 44/60 MP: 2/15
  8229 | D:7      | HP: 2/56 [wight/+0 halberd (18)]
  8231 | D:7      | Mangled by a wight

Illustrated notes

Levels and vault maps discovered:
D:1:      psy_arrival_basics, layout_rooms, minmay_pentomino_z4
D:2:      layout_loops_ring
D:3:      layout_basic, serial_shops, shop, uniq_terence
D:4:      layout_basic, uniq_crazy_yiuf_cottage
D:5:      layout_loops_ring, enter_ossuary_3
D:6:      layout_basic, hex_tiny, uniq_sigmund
D:7:      layout_loops_ring, minmay_temple_entry_glass, serial_shops, shop,
          minmay_misc_feat_pillars, chequers_serial_rivers_micro_e,
          hellmonk_guarded_unrand_vitality_bloodlust

Skill      XL: |  1  2  3  4  5  6  7  8 |
---------------+-------------------------+-----
Stealth        | 5 6 7 8 9 11 | 11.9
Short Blades   | 2 3 4 5 |  5.3
Ice Magic      | 1 2 |  2.8
Hexes          | 5 6 7 |  7.8
Spellcasting   | 3 4 |  4.6
Dodging        | 3 |  3.9
Fighting       | 1 2 |  2.3

Action                   |  1- 3 |  4- 6 |  7- 9 || total
-------------------------+-------+-------+-------++-------
Melee: Dagger            |   133 |   129 |   270 ||   532
       Bite              |     9 |     9 |    48 ||    66
       Punch             |     2 |     2 |     3 ||     7
       Unarmed           |       |       |     5 ||     5
 Cast: Ensorcelled Hiber |     5 |    35 |    22 ||    62
       Confusing Touch   |       |       |    15 ||    15
       Tukima's Dance    |       |       |     5 ||     5
       Dazzling Flash    |       |       |     2 ||     2
 Abil: Bat Form          |       |       |     1 ||     1
       Exsanguinate      |       |       |     1 ||     1
       Revivify          |       |       |     1 ||     1
  Use: Scroll            |       |     7 |     7 ||    14
       Potion            |       |       |     5 ||     5
 Stab: Sleeping          |    14 |    29 |    29 ||    72
       Distracted        |     1 |     1 |       ||     2
       Confused          |       |       |     7 ||     7
       Invisible         |       |       |     5 ||     5
Armor: Robe              |    25 |    13 |    52 ||    90
Dodge: Dodged            |    88 |    80 |   164 ||   332
